 Dungeon Crawl Stone Soup version 0.22-a0-558-gc224181 (webtiles) character file.

487 Hebeh the Chopper (level 6, 0/56 HPs)
             Began as a Minotaur Fighter on June 26, 2018.
             Was an Initiate of Trog.
             Slain by a gnoll
             ... wielding a +1 spear of venom
              (7 damage)
             ... on level 4 of the Dungeon.
             The game lasted 00:07:51 (3253 turns).

Hebeh the Chopper (Minotaur Fighter)                Turns: 3253, Time: 00:07:52

Health: 0/56       AC:  8    Str: 22    XL:     6   Next: 89%
Magic:  5/5        EV:  4    Int:  5    God:    Trog [......]
Gold:   219        SH:  0    Dex: 10    Spells: 5/5 levels left

rFire    . . .     SeeInvis .   a - +0 war axe
rCold    . . .     Gourm    .   c - +0 shield
rNeg     . . .     Faith    .   b - +0 scale mail
rPois    .         Spirit   .   (helmet restricted)
rElec    .         Reflect  .   (no cloak)
rCorr    .         Harm     .   n - +0 pair of gloves
MR       .....                  (no boots)
Stlth    ..........             (no amulet)
HPRegen  0.18/turn              (no ring)
MPRegen  0.09/turn              (no ring)

@: lethally poisoned (0 -> -18), held
A: retaliatory headbutt, horns 2
a: Renounce Religion


You were on level 4 of the Dungeon.
You worshipped Trog.
Trog was noncommittal.
You were not hungry.

You visited 2 branches of the dungeon, and saw 5 of its levels.

You collected 219 gold pieces.

Inventory:

Hand Weapons
 a - a +0 war axe (weapon)
Armour
 b - a +0 scale mail (worn)
 c - a +0 shield (worn)
 n - a +0 pair of gloves (worn)
Jewellery
 m - an uncursed ring of flight {unknown}
 r - an uncursed ring of ice {unknown}
 s - a cursed ring of teleportation {unknown}
Scrolls
 e - a scroll of teleportation {unknown}
 h - 2 scrolls of remove curse {unknown}
 i - 3 scrolls of identify {unknown}
 j - 2 scrolls of magic mapping {unknown}
 l - a scroll of fear {unknown}
 o - a scroll of amnesia {unknown}
 q - 2 scrolls of enchant armour {unknown}
Potions
 d - a potion of might
 g - 3 potions of flight {unknown}
 k - a potion of heal wounds {unknown}
 p - 2 potions of haste {unknown}
 t - a potion of degeneration {unknown}
Comestibles
 f - 7 rations


   Skills:
 + Level 5.2 Fighting
 * Level 6.0 Axes
 + Level 5.3 Armour
 + Level 5.2 Shields


You had 5 spell levels left.
You didn't know any spells.
Your spell library was empty.

Dungeon Overview and Level Annotations

Branches:
Dungeon (4/15)             Temple (1/1) D:4

Altars:
Ashenzari
Fedhas
Kikubaaqudgha
Makhleb
Qazlal
Ru
Trog
Uskayaw
Vehumet
The Shining One


Innate Abilities, Weirdness & Mutations

You reflexively headbutt those who attack you in melee.
You have a pair of horns on your head.


Message History

You are held in a net!
Unknown command.
You feel sick. The gnoll hits you with a halberd.
The gnoll hits you but does no damage.
You feel sick. The gnoll barely misses you. x2
The gnoll hits you from afar with a halberd!
The gnoll hits you but does no damage.
You are more poisoned.
The gnoll barely misses you. The gnoll hits you but does no damage.
You feel sick. The gnoll hits you but does no damage.
The gnoll barely misses you.
You feel sick.
The gnoll hits you from afar with a halberd.
The gnoll hits you from afar with a spear of venom!
You are more poisoned.
You feel sick. The gnoll hits you with a halberd.
The gnoll hits you from afar with a halberd!
* * * LOW HITPOINT WARNING * * *
The gnoll hits you from afar with a spear of venom!
You die...

.# #.#####.# .#
#.....[.# #
#.####### #.#
#.# #.# #.#
#######
######.##......#
.........@.g.#
######.###g#.#
#. .g. #. .#..#
#. ....# ## ##
.. ... #...# ###
... #...# .##
#...### #


You could see 3 gnolls.

Vanquished Creatures
  An ogre (D:4)
  A scorpion (D:3)
  A hound (D:4)
  An orc wizard (D:3)
  An orc priest (D:3)
  3 iron imps (D:3)
  7 gnolls
  An adder (D:2)
  An ooze (D:4)
  2 worms
  2 dart slugs (D:1)
  2 leopard geckos
  8 orcs
  3 ball pythons (D:3)
  3 bats
  3 giant cockroaches
  12 goblins
  5 hobgoblins
  6 jackals
  9 kobolds
  5 frilled lizards
  A quokka skeleton (D:4)
  9 rats
87 creatures vanquished.

Notes
Turn   | Place    | Note
-------+----------+-------------------------------------------
     0 | D:1      | Hebeh the Minotaur Fighter began the quest for the Orb.
     0 | D:1      | Reached XP level 1. HP: 19/19 MP: 0/0
   165 | D:1      | Reached XP level 2. HP: 23/27 MP: 1/1
   238 | D:1      | Reached skill level 3 in Axes
   436 | D:1      | Reached XP level 3. HP: 32/33 MP: 2/2
  1083 | D:2      | Found a radiant altar of Vehumet.
  1227 | D:2      | Reached XP level 4. HP: 35/40 MP: 3/3
  1232 | D:2      | Reached skill level 4 in Axes
  2048 | D:3      | Found a burning altar of Makhleb.
  2067 | D:3      | Reached XP level 5. HP: 47/47 MP: 4/4
  2109 | D:3      | Found a hide-covered altar of Uskayaw.
  2196 | D:3      | Reached skill level 5 in Axes
  2222 | D:3      | Reached XP level 6. HP: 43/55 MP: 5/5
  2235 | D:3      | Found a shattered altar of Ashenzari.
  2296 | D:3      | Reached skill level 5 in Armour
  2297 | D:3      | Reached skill level 5 in Fighting
  2297 | D:3      | Reached skill level 5 in Shields
  2984 | D:4      | Reached skill level 6 in Axes
  3098 | D:4      | Found a glowing golden altar of the Shining One.
  3112 | D:4      | Found a staircase to the Ecumenical Temple.
  3124 | Temple   | Entered the Ecumenical Temple
  3158 | Temple   | Became a worshipper of Trog the Wrathful
  3253 | D:4      | Slain by a gnoll

Vault maps used:
D:1:      wheals_arrival_linesprint, minmay_misc_feat_iff, st_stairs_1
D:2:      nicolae_overflow_crystal_walls, first_ration
D:3:      nicolae_overflow_hidden_temple, demons_altar,
          nicolae_ashenzari_panopticon
D:4:      tso_oasis_becter, minmay_temple_entry_glassed_door
Temple:   oiseaux_autumnal_temple

Skill      XL: |  1  2  3  4  5  6 |
---------------+-------------------+-----
Axes           | 3 4 5 6 |  6.0
Armour         | 4 5 |  5.3
Fighting       | 4 5 |  5.2
Shields        | 4 5 |  5.2

Action                   |  1- 3 |  4- 6 || total
-------------------------+-------+-------++-------
Melee: War axe           |   101 |   111 ||   212
       Headbutt          |     8 |    15 ||    23
  Eat: Chunk             |     1 |     7 ||     8
Armor: Scale mail        |    50 |    40 ||    90
Dodge: Dodged            |    24 |    32 ||    56
Block: Shield            |    59 |    56 ||   115

Table legend:
 A = Spawn XP
 B = Non-spawn XP
 C = Spawn XP percentage of total XP
 D = Spawn monster count
 E = Non-spawn monster count
 F = Spawn count percentage of total count
 G = Total turns spent on level
                    A         B        C        D         E        F      G
               +---------+---------+-------+---------+---------+-------+---------
         Total |       0 |     697 |   0.0 |       0 |      87 |   0.0 |  3253
               +---------+---------+-------+---------+---------+-------+---------
           D:1 |       0 |      51 |   0.0 |       0 |      28 |   0.0 |   837
           D:2 |       0 |      96 |   0.0 |       0 |      20 |   0.0 |  1140
           D:3 |       0 |     368 |   0.0 |       0 |      32 |   0.0 |   737
           D:4 |       0 |     182 |   0.0 |       0 |       7 |   0.0 |   476
               +---------+---------+-------+---------+---------+-------+---------
